[Event "*** SCC Grand Prix: Titled Tuesday Blitz"]
[Site "Chess.com"]
[Date "2020.06.02"]
[Round "7"]
[White "Parkas"]
[Black "Unknown_IM"]
[Result "1-0"]
[WhiteElo "2331"]
[BlackElo "2488"]
[TimeControl "180+1"]
[EndTime "11:21:04 PDT"]
[Termination "Parkas won on time"]

1. c4 Nf6 2. g3 c5 3. Bg2 e6 4. Nf3 Be7 5. O-O O-O 6. b3 d5 7. cxd5 Nxd5 8. Bb2 Nc6 9. d4 b6 10. dxc5 Bxc5 11. a3 Bb7 12. b4 Be7 13. Qb3 Bf6 14. Bxf6 Qxf6 15. Nbd2 Nc3 16. Rfe1 Nxe2+ 17. Kh1 Ned4 18.
Qb2 Nxf3 19. Qxf6 gxf6 20. Bxf3 Rfd8 21. Red1 Rac8 22. Ne4 Ba8 23. Nxf6+ Kg7 24. Nh5+ Kg8 25. Kg2 Nd4 26. Bxa8 Rxa8 27. Rac1 Kf8 28. Nf6 Ke7 29.
Nxh7 Nb5 30. Rxd8 Rxd8 31. a4 Nd4 32. h4 f6 33. Rc7+ Rd7 34. Rxd7+ Kxd7 35. Nxf6+ Ke7 36. Ne4 Nc2 37. b5 Nd4 38. g4 Nb3 39. Kf3 e5 40.
Nc3 Ke6 41. Ke3 Nc5 42. f4 exf4+ 43. Kxf4 Nd3+ 44. Ke4 Nf2+ 45. Kf3 Nd3 46. Ke4 Nf2+ 47. Kf4 Nd3+ 48. Kg5 Kf7 49. h5 Kg7 50. Kf5 Nb4 51. g5 Nc2 52. Nd5 Ne3+ 53. Ke6 1-0

[Event "*** SCC Grand Prix: Titled Tuesday Blitz"]
[Site "Chess.com"]
[Date "2020.06.02"]
[Round "7"]
[White "ketster"]
[Black "Eloist"]
[Result "1/2-1/2"]
[WhiteElo "2417"]
[BlackElo "2241"]
[TimeControl "180+1"]
[EndTime "11:21:04 PDT"]
[Termination "Game drawn - insufficient material"]

1. d4 e6 2. c4 Nf6 3. g3 d5 4.
Nf3 c5 5. Bg2 cxd4 6. cxd5 Nxd5 7. Nxd4 Bc5 8. O-O O-O 9. Nb3 Bb6 10. Na3 Nc6 11. Nc4 Bc7 12. e4 Ndb4 13. Be3 Qxd1 14. Rfxd1 Nc2 15. Rac1 Nxe3 16. Nxe3 Rd8 17. Rxd8+ Bxd8 18. Nc5 Bb6 19. Kf1 Bxc5 20. Rxc5 Bd7 21. f4 Rc8 22. e5 b6 23. Rc3 Nb4 24. Rxc8+ Bxc8 25. a3 Ba6+ 26. Kg1 Nd3 27. Bf1 Nc5 28. b4 Bxf1 29. bxc5 Bb5 30. cxb6 axb6 31. Kf2 Kf8 32. Nc2 Ke7 33. Ke3 f6 34. Kd4 g5 35. exf6+ Kxf6 36. fxg5+ Kxg5 37. Ke5 Kg4 38. Nd4 Bc4 39. Nxe6 Kh3 40. Ng5+ Kxh2 41. Nxh7 Kxg3 42. Kd4 Bf1 43. Nf6 Kf4 44. Nd5+ Kf5 45. Nxb6 Ke6 46. Kc5 Bg2 47.
a4 Ke7 48. a5 Kd8 49. Kd6 Bf3 50. Nc4 Kc8 51. Ne5 Bg2 52. a6 Kb8 53. Kc5 Ka7 54. Kb5 Bf1+ 55. Ka5 Bxa6 1/2-1/2

[Event "*** SCC Grand Prix: Titled Tuesday Blitz"]
[Site "Chess.com"]
[Date "2020.06.02"]
[Round "7"]
[White "Tenamu"]
[Black "Roza_Idrisova"]
[Result "1-0"]
[WhiteElo "2347"]
[BlackElo "2175"]
[TimeControl "180+1"]
[EndTime "11:21:04 PDT"]
[Termination "Tenamu won on time"]

1. d4 d5 2. Nc3 c6 3. Bf4 Bf5 4. f3 e6 5. g4 Bg6 6. h4 h5 7. g5 Ne7 8. e3 Nd7 9. Bd3 Bxd3 10. Qxd3 Ng6 11. Bg3 e5 12. O-O-O Bb4 13. Nge2 O-O 14.
Bh2 Re8 15. Ng3 Nxh4 16. Nxh5 Nxf3 17. Qf5 e4 18. Bf4 Nf8 19. Qh3 Ng6 20. Ne2 Qc8 21.
Nf6+ Kf8 22. Qh7 Ke7 23. Qxg7 Rh8 24. Nh7 Qg8 25. Qxg8 Raxg8 26. Nf6 Rf8 27. Ng3 Ke6 28. Ngh5 Nxf4 29. Ng7+ Ke7 30. exf4 Bd2+ 31. Kb1 Bxf4 32.
Nf5+ Kd8 33. Nh6 Bxg5 34. Nxf7+ Ke7 35. Nxh8 Rxf6 36. Rh7+ Kd6 37. b4 Be3 38. Nf7+ Ke6 39. Nd8+ Kf5 40. Nxb7 Bxd4 41. Nc5 Ne5 42. Rxd4 Nc4 43.
Rd1 Kg6 44. Rhh1 Rf3 45. a4 Na3+ 46. Ka2 Nxc2 47. Rhg1+ Kf5 48. b5 1-0

[Event "*** SCC Grand Prix: Titled Tuesday Blitz"]
[Site "Chess.com"]
[Date "2020.06.02"]
[Round "7"]
[White "mikerahal"]
[Black "Larina_Marija"]
[Result "0-1"]
[WhiteElo "2244"]
[BlackElo "2125"]
[TimeControl "180+1"]
[EndTime "11:21:04 PDT"]
[Termination "Larina_Marija won by resignation"]

1. e4 d5 2. exd5 Qxd5 3. Nc3 Qa5 4. d4 Nf6 5. Nf3 Bf5 6. Bc4 e6 7. Bd2 c6 8. O-O Be7 9. Nd5 Qd8 10. Nxe7 Qxe7 11. a3 a5 12. Ne5 O-O 13. Bg5 h6 14.
Bh4 Rd8 15. c3 Nbd7 16. Qe2 Nb6 17. Bb3 Nbd5 18. Bg3 a4 19. Ba2 c5 20. dxc5 Qxc5 21. Rad1 Ne4 22. Rd4 Nxg3 23. hxg3 Nf6 24. Rxd8+ Rxd8 25. Re1 b5 26. g4 Bh7 27. Nxf7 Re8 28. Ne5 Ne4 29. Nf3 Bg6 30. Nd4 Kh7 31. Bb1 Ng5 32.
Bxg6+ Kxg6 33. Qd3+ Kf7 34. Qg3 Re7 35. Kh1 Kg8 36. Re5 Qc4 37. Qe3 Qf1+ 38. Kh2 Rf7 39. f3 Rf6 40. Nxe6 Nxf3+ 41. gxf3 Rxf3 42. Qxf3 Qxf3 43. Re1 Qxg4 44. Nd4 Qh4+ 45. Kg2 Qxe1 0-1

[Event "*** SCC Grand Prix: Titled Tuesday Blitz"]
[Site "Chess.com"]
[Date "2020.06.02"]
[Round "7"]
[White "Jumbo"]
[Black "DaggiGretarsson"]
[Result "1-0"]
[WhiteElo "2847"]
[BlackElo "2674"]
[TimeControl "180+1"]
[EndTime "11:21:05 PDT"]
[Termination "Jumbo won on time"]

1. d4 g6 2. Nf3 Bg7 3. g3 d5 4.
c4 c6 5. Bg2 Nf6 6. O-O O-O 7.
Nbd2 a5 8. b3 a4 9. Ba3 Re8 10. e3 Bf5 11. Qe2 Ne4 12. Nxe4 Bxe4 13. Bh3 Bxf3 14. Qxf3 e6 15. Rfd1 Nd7 16. e4 axb3 17.
axb3 dxc4 18. bxc4 c5 19. d5 Bxa1 20. Rxa1 Qf6 21. Qxf6 Nxf6 22. e5 Nd7 23. f4 Nf8 24. Bg2 Ra7 25. Bb2 Rxa1+ 26. Bxa1 Ra8 27. Bc3 Ra3 28.
Be1 b6 29. d6 Nd7 30. Bc6 Ra7 31. Bb5 h5 32. Kf2 Kf8 33. Ke3 Ke8 34. h4 Kd8 35. Bd2 Ra3+ 36. Kf2 Nb8 37. Be3 Na6 38. Ke2 Nb4 39. Bf2 Nc2 40. Kf1 Ne3+ 41. Kg1 Ra1+ 42. Kh2 Ra2 43. Kg1 Ng4 44. Be1 Ra1 45. Kf1 Ra2 46.
Bc3 Ne3+ 47. Ke1 1-0

[Event "*** SCC Grand Prix: Titled Tuesday Blitz"]
[Site "Chess.com"]
[Date "2020.06.02"]
[Round "7"]
[White "rubhani"]
[Black "A-Fier"]
[Result "1/2-1/2"]
[WhiteElo "2580"]
[BlackElo "2732"]
[TimeControl "180+1"]
[EndTime "11:21:05 PDT"]
[Termination "Game drawn - insufficient material"]

1. e4 c5 2. Nf3 Nc6 3. d4 cxd4 4. Nxd4 Nf6 5. Nc3 d6 6. Bg5 Qb6 7. Nb3 e6 8. Qd2 Be7 9. O-O-O a6 10. f3 O-O 11. g4 Qc7 12. Be3 b5 13. g5 Nd7 14. h4 Nce5 15. f4 Nc4 16. Bxc4 Qxc4 17. Qg2 b4 18. Rd4 Qc7 19. Rxb4 d5 20. Rd4 dxe4 21.
Rhd1 Nc5 22. Rc4 Nxb3+ 23. axb3 Qb8 24. Qxe4 Bb7 25. Qe5 Qxe5 26. fxe5 Bf3 27. Rd7 Bd8 28. Bc5 Re8 29. Rf4 Bh5 30. Ne4 Bg6 31. b4 Rb8 32. c3 a5 33. bxa5 Bxa5 34. Nd6 Red8 35. Rxd8+ Bxd8 36. b4 Bc7 37. c4 Bd3 38. Kd2 Bg6 39.
Kc3 h6 40. gxh6 gxh6 41. b5 Ra8 42. b6 Bb8 43. Nb5 Bxe5+ 44. Rd4 Bxd4+ 45. Kxd4 Rd8+ 46. Bd6 Bh5 47. b7 f6 48. b8=Q Rxb8 49. Bxb8 Bf3 50. c5 Kf7 51. Bd6 e5+ 52. Ke3 Bh1 53. Nc7 Kg6 54.
Ne6 Kf7 55. Nc7 Kg6 56. Nb5 Kh5 57. Na7 Kxh4 58. c6 Kg5 59. c7 Bb7 60. c8=Q Bxc8 61. Nxc8 Kf5 62. Bc7 h5 63. Ne7+ Kg4 64. Kf2 h4 65.
Nd5 Kf5 66. Bd8 e4 67. Nxf6 h3 68. Nh5 Kg4 69. Ng3 e3+ 70. Kxe3 Kxg3 71. Bc7+ Kg2 72. Bb8 h2 73. Bxh2 1/2-1/2

[Event "*** SCC Grand Prix: Titled Tuesday Blitz"]
[Site "Chess.com"]
[Date "2020.06.02"]
[Round "7"]
[White "krasavetc"]
[Black "2008king"]
[Result "0-1"]
[WhiteElo "2226"]
[BlackElo "2123"]
[TimeControl "180+1"]
[EndTime "11:21:05 PDT"]
[Termination "2008king won by resignation"]

1. e4 e5 2. Nf3 Nc6 3. Bc4 Bc5 4. d4 Bxd4 5. c3 Bc5 6. b4 Bb6 7. b5 Nce7 8. Nxe5 d5 9. exd5 Nf6 10. d6 Qxd6 11.
Qxd6 cxd6 12. Nxf7 Rf8 13. Nxd6+ Kd7 14. Nxc8 Raxc8 15.
Bb3 Ne4 16. f3 Nf2 17. Rf1 Nd3+ 18. Kd2 Nxc1 19. Kxc1 Be3+ 20. Kb2 Rfd8 21. Rd1+ Ke8 22. Na3 a6 23. Nc4 Nf5 24. Rd7 Rxd7 25. Re1 Re7 26. g4 Nh4 27. Nd6+ Kd8 28. Nxc8 Kxc8 29. bxa6 bxa6 30. f4 Bc5 31. Rxe7 Bxe7 32. Bc4 Kb7 33. Bd5+ Kb6 34. Be4 Ng6 35. Kb3 Nxf4 36. Bxh7 Nd5 37.
Kc4 Ne3+ 38. Kd4 Nxg4 39. h3 Nf6 40. Bd3 Bd6 41. h4 a5 42. Bg6 Kc6 43. h5 Ng8 44.
Be8+ Kc7 45. Bf7 Ne7 46. Kc4 Kb6 47. a4 Nf5 48. Kd5 Bc5 49. Be8 Ne7+ 50. Ke6 Nc6 51. Kf7 Ba3 52. Kxg7 Bb2 53. Kg6 Bxc3 54. h6 Ne7+ 55. Kf7 Nf5 56. h7 Nd6+ 57. Ke7 Nxe8 58. Kxe8 Kc5 59. Kd7 Kb4 60. Ke6 Kxa4 61. Kd5 Kb3 62. Ke6 a4 63. Kf7 a3 64. Kg8 a2 65.
h8=Q Bxh8 66. Kxh8 a1=Q+ 0-1

[Event "*** SCC Grand Prix: Titled Tuesday Blitz"]
[Site "Chess.com"]
[Date "2020.06.02"]
[Round "7"]
[White "Lestofante90"]
[Black "Salem-AR"]
[Result "1-0"]
[WhiteElo "2816"]
[BlackElo "3024"]
[TimeControl "180+1"]
[EndTime "11:21:06 PDT"]
[Termination "Lestofante90 won on time"]

1. e4 c5 2. Nf3 Nc6 3. d4 cxd4 4. Nxd4 Nf6 5. Nc3 e5 6. Ndb5 d6 7. Bg5 a6 8. Na3 b5 9. Nd5 Be7 10. Bxf6 Bxf6 11. c3 Bg5 12. Nc2 Ne7 13. a4 bxa4 14.
Rxa4 Nxd5 15. Qxd5 Be6 16. Qd3 a5 17. Be2 O-O 18.
O-O Qb6 19. b4 axb4 20. Rxa8 Rxa8 21. Nxb4 g6 22. Rd1 Ra3 23. g3 Kg7 24. h4 Be7 25. Nd5 Bxd5 26. Qxd5 Rxc3 27. Kg2 Rc2 28. Rd2 Rc5 29.
Qa8 Ra5 30. Qc8 Qb4 31. Qc2 Rc5 32. Qd3 Rc3 33. Qd5 Rc5 34. Qd3 d5 35. exd5 Bd6 36.
Rc2 e4 37. Qd1 Rxc2 38. Qxc2 Qd4 39. Qc4 Qe5 40. Qb3 h6 41. Bg4 f5 42. Be2 g5 43.
hxg5 hxg5 44. Qb7+ Kg6 45. Bh5+ Kh6 46. Qf7 Qg7 47.
Qxf5 Kxh5 48. Qxe4 Qf6 49. Qh7+ 1-0

[Event "*** SCC Grand Prix: Titled Tuesday Blitz"]
[Site "Chess.com"]
[Date "2020.06.02"]
[Round "7"]
[White "DivyaDeshmukh23"]
[Black "Lion-Al-Messi"]
[Result "1-0"]
[WhiteElo "2479"]
[BlackElo "2355"]
[TimeControl "180+1"]
[EndTime "11:21:06 PDT"]
[Termination "DivyaDeshmukh23 won on time"]

1. e4 e6 2. d4 d5 3. Nd2 c5 4. Ngf3 cxd4 5. exd5 Qxd5 6. Bc4 Qd6 7. O-O Nf6 8. Nb3 Nc6 9. Nbxd4 Nxd4 10. Nxd4 Be7 11.
Nb5 Qxd1 12. Rxd1 O-O 13. Bf4 Bd7 14. Nc3 Rac8 15. Bb3 Bc6 16. Be3 b6 17. a4 Bb4 18.
Bd4 Rfd8 19. Nb5 a6 20. Na7 Rc7 21. Bxb6 Rxd1+ 22. Rxd1 Rd7 23. Rxd7 Bxd7 24. Bc4 Nd5 25. Bd4 Nc7 26. c3 Bd6 27. a5 Kf8 28. Bb6 Ke7 29.
b4 Nb5 30. Nxb5 axb5 31. Bd3 Be5 32. Be4 Bc8 33. Bc6 Ba6 34. c4 bxc4 35. b5 Kd6 36.
Kf1 Bc8 37. Ke2 f5 38. Ba7 Bd7 39. Bb8+ Kc5 40. Bxe5 Bxc6 41. bxc6 Kxc6 42. Kd2 Kb5 43. Bc3 g5 44. Ke3 h5 45. Kd4 f4 46. Ke5 1-0

[Event "*** SCC Grand Prix: Titled Tuesday Blitz"]
[Site "Chess.com"]
[Date "2020.06.02"]
[Round "7"]
[White "Savagelittlemole"]
[Black "MIJUAREZ"]
[Result "0-1"]
[WhiteElo "2573"]
[BlackElo "2380"]
[TimeControl "180+1"]
[EndTime "11:21:07 PDT"]
[Termination "MIJUAREZ won on time"]

1. e4 e6 2. d4 d5 3. Nd2 c5 4. Ngf3 Nc6 5. exd5 exd5 6. Bb5 Bd6 7.
O-O Ne7 8. dxc5 Bxc5 9. c3 O-O 10. Nb3 Bb6 11. Nbd4 Bg4 12. h3 Nxd4 13. cxd4 Bxf3 14. Qxf3 Bxd4 15. Rd1 Qb6 16. Bd3 Rfd8 17. Bg5 Bf6 18. Be3 Qxb2 19. Rab1 Qxa2 20. Rxb7 Ng6 21. Rdb1 Ne5 22.
Qf5 Nxd3 23. Qxd3 a5 24. Bf4 Qc4 25. Qg3 a4 26. R1b6 Qd4 27. Be3 Qa1+ 28. Rb1 Qe5 29. Bf4 Qf5 30. Bc7 Re8 31. Rb8 Rexb8 32. Rxb8+ Rxb8 33.
Bxb8 h5 34. Qa3 Qb1+ 35. Kh2 Qxb8+ 36. g3 Qb3 37. Qc5 Qf3 38. g4 d4 39. gxh5 Qxf2+ 40. Kh1 Qe1+ 41. Kg2 Qe2+ 42. Kh1 Qf3+ 43. Kg1 Qe4 44.
Qc8+ Kh7 45. h6 gxh6 46. Qf8 Qg6+ 47. Kf1 d3 48. Qd6 Bg5 49. Qd4 d2 50. Ke2 Qe6+ 51.
Kd1 Qe1+ 52. Kc2 Qc1+ 0-1

[Event "*** SCC Grand Prix: Titled Tuesday Blitz"]
[Site "Chess.com"]
[Date "2020.06.02"]
[Round "7"]
[White "elohunter1999"]
[Black "Djager97"]
[Result "1-0"]
[WhiteElo "2513"]
[BlackElo "2375"]
[TimeControl "180+1"]
[EndTime "11:21:07 PDT"]
[Termination "elohunter1999 won on time"]

1. e4 e5 2. Nf3 Nc6 3. Bb5 a6 4. Ba4 Nf6 5. O-O Be7 6. Re1 b5 7. Bb3 d6 8. c3 O-O 9. h3 Nb8 10.
d4 Nbd7 11. Nbd2 Bb7 12. Bc2 Re8 13. Nf1 Bf8 14. Ng3 g6 15. a4 Bg7 16. Bd3 exd4 17.
cxd4 c5 18. d5 c4 19. Bc2 Nc5 20. Nd4 Qb6 21. a5 Qc7 22. Bf4 Nfd7 23. Qd2 Ne5 24. Bh6 Bh8 25. Be3 Ned3 26. Bxd3 Nxd3 27. Rf1 Nc5 28. f3 Re7 29. Rae1 Rae8 30. Bg5 Rd7 31. Nge2 Nd3 32. Rd1 Qc5 33. Be3 Qb4 34. Qxb4 Nxb4 35. Nc3 f5 36. Ne6 Nd3 37. Rxd3 cxd3 38. Rd1 fxe4 39.
fxe4 Rde7 40. Rxd3 Bc8 41. Bg5 Rxe6 42. dxe6 Rxe6 43.
Nd5 Bb7 44. Nc7 Rxe4 45. Rxd6 Rd4 46. Rb6 Rd1+ 47. Kf2 Bd4+ 48. Ke2 Bxb6 49. axb6 Rb1 50. Bf6 Rg1 51. g4 Rg2+ 52. Kf1 1-0

[Event "*** SCC Grand Prix: Titled Tuesday Blitz"]
[Site "Chess.com"]
[Date "2020.06.02"]
[Round "7"]
[White "pavelalexandru07"]
[Black "atalz0"]
[Result "1/2-1/2"]
[WhiteElo "2128"]
[BlackElo "2310"]
[TimeControl "180+1"]
[EndTime "11:21:07 PDT"]
[Termination "Game drawn - insufficient material"]

1. e4 d5 2. exd5 Nf6 3. Nf3 Nxd5 4. d4 Bg4 5. Be2 e6 6. O-O Nc6 7. h3 Bh5 8. c3 Bd6 9. Re1 O-O 10.
Nbd2 Re8 11. Ne4 Bf8 12. Ng3 Bg6 13. a3 Nf6 14. Be3 e5 15. dxe5 Nxe5 16. Nxe5 Rxe5 17. Bf3 Qe7 18. Bd4 Rxe1+ 19. Qxe1 Qxe1+ 20. Rxe1 c6 21. h4 Re8 22. Rxe8 Nxe8 23. Bxa7 Nc7 24. Bb6 Ne6 25. h5 Bd3 26. Be2 Nf4 27. Bxd3 Nxd3 28. b4 Ne5 29. Bd4 Nc4 30. a4 g6 31. hxg6 hxg6 32.
Kf1 f5 33. Ke2 Kf7 34. Nf1 Ke6 35. Nd2 Kd5 36. Nf3 Bd6 37. Nh4 c5 38. bxc5 Bxc5 39. Bxc5 Kxc5 40. Nxg6 Nb2 41. Kd2 Nxa4 42. Ne7 f4 43. Ng6 Kc4 44. Nxf4 Nxc3 45. f3 b5 46. g4 b4 47. g5 b3 48. Nd3 Nb1+ 49. Kc1 Nc3 50.
Nb2+ Kd5 51. g6 Ke6 52. f4 Ne2+ 53. Kd2 Nxf4 54. g7 Kf7 55. Kc3 Kxg7 56. Kxb3 1/2-1/2

[Event "*** SCC Grand Prix: Titled Tuesday Blitz"]
[Site "Chess.com"]
[Date "2020.06.02"]
[Round "7"]
[White "louis198"]
[Black "dpopadic"]
[Result "1-0"]
[WhiteElo "2470"]
[BlackElo "2337"]
[TimeControl "180+1"]
[EndTime "11:21:09 PDT"]
[Termination "louis198 won on time"]

1. d4 Nf6 2. Bf4 g6 3. e3 Bg7 4. h3 d6 5. Nf3 O-O 6. Bc4 c5 7.
O-O Nc6 8. c3 Bf5 9. Nbd2 Ne4 10. a4 Nxd2 11. Nxd2 a6 12. Qe2 Bd7 13. Rfd1 cxd4 14.
exd4 Rc8 15. Ba2 Nb8 16. Bg3 Bc6 17. a5 e6 18. Ne4 Bxe4 19. Qxe4 d5 20. Qe3 Nc6 21.
b4 Na7 22. Rac1 Nb5 23. Bb3 Na3 24. h4 h5 25. Ba4 Kh7 26. Ra1 Nc4 27. Qe2 Bf6 28.
Bc2 Kg7 29. Rd3 Bxh4 30. Bxh4 Qxh4 31. Rh3 Qe7 32. Rg3 Rh8 33. Rd1 Qf6 34. Rdd3 Nd6 35. Rdf3 Nf5 36. Bxf5 exf5 37. Qd3 Kf8 38. Re3 Re8 39.
Rxe8+ Kxe8 40. Re3+ Kf8 41. Re5 Qd6 42. Qf3 Kg7 43.
Rxd5 Qc7 44. Rc5 Qd7 45. Qe3 Re8 46. Re5 Re6 47. d5 Rd6 48. c4 Qa4 49. Qc3 Kh6 50. Re1 Qa2 51. Qh8+ Kg5 52. Qd4 Qc2 53. c5 Rd7 54. d6 Qb3 55. Re3 Qb1+ 56. Kh2 1-0

[Event "*** SCC Grand Prix: Titled Tuesday Blitz"]
[Site "Chess.com"]
[Date "2020.06.02"]
[Round "7"]
[White "anon569"]
[Black "PotapovaM"]
[Result "0-1"]
[WhiteElo "2280"]
[BlackElo "2455"]
[TimeControl "180+1"]
[EndTime "11:21:09 PDT"]
[Termination "PotapovaM won on time"]

1. e4 c5 2. Nf3 d6 3. d4 cxd4 4. Nxd4 Nf6 5. Nc3 a6 6. Bg5 e6 7. f4 h6 8. Bh4 Qb6 9. a3 Be7 10. Bf2 Qc7 11. Qf3 b5 12. O-O-O Bb7 13. g4 Nbd7 14. Bg2 g5 15. Qh3 O-O-O 16. f5 e5 17. Nb3 h5 18. gxh5 Nxh5 19. Bf3 Nf4 20. Qf1 Nb6 21. Nd5 Bxd5 22. exd5 Nc4 23. Be4 Kb8 24. Qe1 Rh3 25. Kb1 Rc8 26. Qb4 Ka8 27.
a4 Rb8 28. axb5 axb5 29. c3 Rhh8 30. Kc2 Rb7 31. Ra1+ Kb8 32. Ra2 Kc8 33. Ra8+ Rb8 34. Ra7 Rb7 35. Rxb7 Qxb7 36. Na5 Nxa5 37. Qxa5 Kd7 38.
Bb6 Ke8 39. Qxb5+ Kf8 40. Qc6 Qa6 41. Bf3 Qd3+ 42. Kb3 Qxf3 43. f6 Bxf6 44. Qxd6+ Kg7 45. Bc5 Qxh1 0-1

[Event "*** SCC Grand Prix: Titled Tuesday Blitz"]
[Site "Chess.com"]
[Date "2020.06.02"]
[Round "7"]
[White "NemtsevIgor"]
[Black "IngOscarArdila"]
[Result "1/2-1/2"]
[WhiteElo "2295"]
[BlackElo "2104"]
[TimeControl "180+1"]
[EndTime "11:21:09 PDT"]
[Termination "Game drawn by repetition"]

1. d4 Nf6 2. Bf4 g6 3. e3 Bg7 4. Nf3 O-O 5. Be2 d6 6. O-O Nbd7 7. c4 b6 8. Nc3 Bb7 9. h3 Ne4 10. Nxe4 Bxe4 11. Bh2 Nf6 12. Nd2 Bb7 13. Bf3 Bxf3 14. Qxf3 Qd7 15. Rfe1 Rfe8 16. e4 e5 17. d5 a5 18. b3 Qe7 19. a3 Nd7 20. g4 Bh6 21. Nf1 Nc5 22. b4 axb4 23. axb4 Nd7 24. Kg2 Qf8 25. Qd3 Rxa1 26. Rxa1 Ra8 27. Qb1 Bf4 28. Bg3 h6 29. h4 Qd8 30. f3 Nf6 31.
Bxf4 exf4 32. c5 Rxa1 33. Qxa1 bxc5 34. bxc5 Nd7 35. cxd6 cxd6 36. Qa6 Ne5 37. h5 gxh5 38. gxh5 Qg5+ 39. Kf2 Qh4+ 40. Ke2 Qxh5 41. Nd2 Qh2+ 42. Kd1 Qg1+ 43. Kc2 Qc5+ 44. Kd1 h5 45. Qa8+ Kg7 46. Qd8 Qg1+ 47. Kc2 Qg2 48. Qxd6 Nxf3 49. Qxf4 Nxd2 50. Qxd2 Qxe4+ 51. Kc3 Qe5+ 52. Kc4 Qc7+ 53. Kd4 Qb6+ 54. Kc4 Qa6+ 55. Kc5 Qa3+ 56. Kc6 Qa4+ 57. Kc5 Qa7+ 58. Kc6 Qa8+ 59. Kc7 Qa7+ 60. Kc6 Qa8+ 61. Kc7 Qa7+ 62. Kc6 1/2-1/2

[Event "*** SCC Grand Prix: Titled Tuesday Blitz"]
[Site "Chess.com"]
[Date "2020.06.02"]
[Round "7"]
[White "GMKrikor"]
[Black "TheNextLevelFan"]
[Result "0-1"]
[WhiteElo "2720"]
[BlackElo "2477"]
[TimeControl "180+1"]
[EndTime "11:21:10 PDT"]
[Termination "TheNextLevelFan won by resignation"]

1. e4 e5 2. Nf3 Nc6 3. d4 exd4 4. Nxd4 Bb4+ 5. c3 Bc5 6. Be3 Bb6 7. Nd2 Nge7 8. Nc4 O-O 9. Nxb6 axb6 10. Bd3 d6 11.
O-O Kh8 12. Qc2 Ne5 13. Be2 f5 14. exf5 Nxf5 15. Nxf5 Bxf5 16. Qd2 Bg4 17. f3 Be6 18. b3 Qf6 19. Rad1 Rae8 20. Bd4 Qg6 21. Rf2 Bf5 22. c4 h6 23. Bc3 Re7 24. Kh1 Rfe8 25. Bf1 Qf7 26. Re2 Bd7 27. Rf2 Bc6 28. h3 Kg8 29. Kg1 Ng6 30. Re2 Nf4 31. Rxe7 Rxe7 32.
Re1 Rxe1 33. Qxe1 Qg6 34. Kh2 Qc2 35. Qd2 Qf5 36. Qe3 Kf7 37. Qd4 Ne6 38. Qe3 b5 39. Bd3 Qf4+ 40. Qxf4+ Nxf4 41. cxb5 Nxd3 42. bxc6 bxc6 43. a3 Nc1 44. b4 Nb3 45. Kg1 c5 46. Kf2 g6 47. Ke2 c4 48. Kd1 d5 49. Be1 d4 50. Kc2 Ke6 51. a4 Kd5 52. Bf2 h5 53. g4 c5 54. f4 cxb4 55. f5 d3+ 0-1

[Event "*** SCC Grand Prix: Titled Tuesday Blitz"]
[Site "Chess.com"]
[Date "2020.06.02"]
[Round "7"]
[White "Mikedannnn"]
[Black "Tomytoteph"]
[Result "1-0"]
[WhiteElo "2456"]
[BlackElo "2300"]
[TimeControl "180+1"]
[EndTime "11:21:10 PDT"]
[Termination "Mikedannnn won by resignation"]

1. e4 c5 2. Nf3 g6 3. Nc3 Bg7 4. g3 h5 5. Bg2 Nc6 6. O-O Nd4 7. d3 Nxf3+ 8. Bxf3 h4 9. Be3 d6 10. d4 hxg3 11. hxg3 cxd4 12. Bxd4 Nf6 13. e5 dxe5 14. Bxe5 Qa5 15. Qd4 Be6 16. Bxb7 Rd8 17. Qa4+ Qxa4 18. Nxa4 Rd2 19. Bc6+ Bd7 20. Bxd7+ Kxd7 21. Rad1 Rxd1 22.
Rxd1+ Ke6 23. Re1 Kf5 24. f3 Rc8 25. Re2 e6 26. Kg2 g5 27. g4+ Kg6 28. b3 Bf8 29. c4 a6 30. Nc3 Nd7 31. Bd4 Bb4 32. Ne4 e5 33. Bb2 f6 34. a3 Be7 35. Rd2 Nf8 36.
Ng3 a5 37. Nf5 Bc5 38. Rd3 Ne6 39. Bc1 Bxa3 40. Bxa3 Nf4+ 41. Kg3 Nxd3 42. Ne7+ Kf7 43. Nxc8 Ke6 44. Nd6 Nf4 45. Ne4 Ne2+ 46. Kf2 Nd4 47. Nc5+ Kf7 48. Bb2 Nc6 49. Ke3 Kg6 50. Ke4 Nb4 51.
Bc3 Nc6 52. Kd5 Nd8 53. Kd6 Nf7+ 54. Ke7 Nh6 55. Ke6 Nf7 56. Bxa5 Nh6 57. Ne4 Nf7 58.
Nxf6 Nh6 59. Ne4 1-0

[Event "*** SCC Grand Prix: Titled Tuesday Blitz"]
[Site "Chess.com"]
[Date "2020.06.02"]
[Round "7"]
[White "MNyuyu"]
[Black "Aleksandar-Topalov"]
[Result "0-1"]
[WhiteElo "2272"]
[BlackElo "2437"]
[TimeControl "180+1"]
[EndTime "11:21:10 PDT"]
[Termination "Aleksandar-Topalov won by resignation"]

1. d4 Nf6 2. Nf3 g6 3. Bf4 Bg7 4. e3 O-O 5. h3 d6 6. Be2 Nbd7 7.
O-O b6 8. c3 Bb7 9. Nbd2 Qe8 10. Bh2 e5 11. dxe5 dxe5 12. Nc4 Ne4 13. Qc2 Qe7 14.
Rfd1 Rad8 15. a4 a6 16. Ncd2 Ndc5 17. b4 Nxd2 18. Nxd2 Ne6 19. Bf3 Bxf3 20. Nxf3 Ng5 21. Nxg5 Qxg5 22. Qe4 Qe7 23. Qc4 Ra8 24. Qc6 Rfd8 25.
Bg3 a5 26. bxa5 Rxa5 27. Kh2 Rc5 28. Qe4 Rxc3 29. Rxd8+ Qxd8 30. Bxe5 Qe8 31. f4 Rc5 32. Ra3 Bxe5 33. fxe5 Rxe5 34. Qf4 Qe7 35. Rd3 Re4 36.
Qf3 Rxa4 37. Qc6 Re4 38. Qc3 Qe5+ 39. Qxe5 Rxe5 40. Rd7 Rc5 41. Kg3 b5 42. Kf3 b4 43.
Ke2 b3 44. Rd8+ Kg7 45. Rb8 Rc2+ 46. Kd3 Rxg2 47. Rxb3 Rg3 48. Rc3 Rxh3 49. Rxc7 Rg3 50. Ke4 h5 51. Kf4 Rg4+ 52. Kf3 Kf6 53. Rc6+ Kg5 54.
Rc5+ f5 55. Rc1 h4 56. Rh1 Rg3+ 57. Kf2 Kg4 58. Ra1 Kg5 59. Ra6 Rg4 60. Ra5 Rb4 61. Ra8 Rb3 62. Rh8 Kg4 63. Rh6 g5 64. Rh8 Rb2+ 65. Kf1 h3 66. Kg1 Kg3 67. Kf1 h2 0-1

[Event "*** SCC Grand Prix: Titled Tuesday Blitz"]
[Site "Chess.com"]
[Date "2020.06.02"]
[Round "7"]
[White "BakaPG"]
[Black "GM_Levan_Pantsulaia"]
[Result "1-0"]
[WhiteElo "2712"]
[BlackElo "2833"]
[TimeControl "180+1"]
[EndTime "11:21:11 PDT"]
[Termination "BakaPG won by resignation"]

1. e4 c6 2. d4 d5 3. Nd2 dxe4 4. Nxe4 Bf5 5. Ng3 Bg6 6. Nf3 Nd7 7. h4 h6 8. h5 Bh7 9. Bd3 Bxd3 10. Qxd3 e6 11. Bd2 Qc7 12. O-O-O Bd6 13. Ne4 Bf4 14. Kb1 Bxd2 15.
Nfxd2 Ngf6 16. Nc4 Nxe4 17. Qxe4 Nf6 18. Qe2 O-O 19. g4 Qf4 20. f3 Rfd8 21. c3 Rd5 22.
Rhe1 Rad8 23. Ne3 R5d7 24. Ng2 Qg3 25. Ne3 a6 26. a3 Qc7 27. Nc4 c5 28. dxc5 Qxc5 29.
Rxd7 Rxd7 30. Ne5 Rd5 31. f4 Qd6 32. g5 Nd7 33. g6 Nxe5 34. fxe5 Qc7 35. gxf7+ Qxf7 36. Rf1 Rxe5 37. Rxf7 Rxe2 38. Rxb7 Re5 39. b4 Rxh5 40. c4 Rh4 41. c5 Rc4 42. Re7 h5 43. Rxe6 h4 44. Kb2 Kf7 45. Re1 g5 46. Kb3 Rd4 47. c6 Rd8 48. a4 h3 49. b5 g4 50.
c7 Rh8 51. b6 h2 52. b7 g3 53. c8=Q 1-0

[Event "*** SCC Grand Prix: Titled Tuesday Blitz"]
[Site "Chess.com"]
[Date "2020.06.02"]
[Round "7"]
[White "blitzking1729"]
[Black "PavelShkapenko"]
[Result "1-0"]
[WhiteElo "2481"]
[BlackElo "2622"]
[TimeControl "180+1"]
[EndTime "11:21:11 PDT"]
[Termination "blitzking1729 won by resignation"]

1. d4 Nf6 2. Bg5 Ne4 3. Bf4 d5 4. f3 Nf6 5. e4 dxe4 6. Nc3 e3 7.
Qd3 c6 8. O-O-O Nd5 9. Nxd5 cxd5 10. Qxe3 Nc6 11. Kb1 Bf5 12. Bd3 Bxd3 13. Qxd3 e6 14. Ne2 Be7 15. g4 Qb6 16. Qb3 Qa6 17. Nc3 O-O 18. Qb5 Qxb5 19. Nxb5 Rac8 20. h4 Rfd8 21.
g5 a6 22. Nc3 g6 23. Ne2 Bf8 24. c3 Bg7 25. h5 b5 26. b4 a5 27. a3 Ra8 28.
Kb2 axb4 29. axb4 Ra4 30. hxg6 hxg6 31. Ra1 Rda8 32. Rxa4 Rxa4 33. Ra1 Rxa1 34. Kxa1 f6 35. gxf6 Bxf6 36. Kb2 Kf7 37. Kc2 g5 38. Bd6 Kg6 39.
Kd3 e5 40. dxe5 Bxe5 41. Bxe5 Nxe5+ 42. Ke3 Kf6 43. Nd4 Nc4+ 44. Kf2 Nd6 45. Kg3 Kg6 46.
Kg4 Kf6 47. f4 gxf4 48. Kxf4 Nc4 49. Nxb5 Ke6 50. Nd4+ Kd6 51. Kf3 Nb2 52. Ke2 Ke5 53. Kd2 Kd6 54. Kc2 Na4 55. Kb3 Nb6 56. Nf5+ Ke5 57.
Nd4 Kd6 58. Nc2 Kc6 59. Ne3 Kb5 60. Nxd5 Nxd5 61. c4+ Kc6 62. cxd5+ Kxd5 63. Ka4 Kc6 64. Ka5 1-0